 Dungeon Crawl Stone Soup version 0.24-a0-417-g1cce26a4d2 (webtiles) character file.

Game seed: 7132712625020872181

3557 gnuif the Grappler (level 9, -23/84 HPs)
             Began as a Troll Monk on June 9, 2019.
             Killed from afar by Erica (34 damage)
             ... with an orb of energy
             ... on level 8 of the Dungeon on June 11, 2019.
             The game lasted 01:28:52 (6602 turns).

gnuif the Grappler (Troll Monk)                     Turns: 6602, Time: 01:28:54

Health: -23/84     AC:  6    Str: 24    XL:     9   Next: 83%
Magic:  8/8        EV: 12    Int:  6    God:
Gold:   337        SH:  0    Dex: 12    Spells: 8/8 levels left

rFire    + . .     SeeInvis .     - Unarmed
rCold    + . .     Gourm    +   (no shield)
rNeg     . . .     Faith    .   u - +0 robe "Foderugo" {rF+ rC+}
rPois    .         Spirit   .   (helmet restricted)
rElec    .         Reflect  .   (no cloak)
rCorr    .         Harm     .   (gloves unavailable)
MR       .....                  (boots unavailable)
Stlth    ++........             (no amulet)
HPRegen  0.64/turn              (no ring)
MPRegen  0.11/turn              (no ring)

@: lethally poisoned (-23 -> -24), slowed, very slow
A: large, unfitting armour, claws 3, fast metabolism 3, gourmand, regeneration
1, shaggy fur 1, tough skin 3
a: no special abilities


You were on level 8 of the Dungeon.
You were not hungry.

You visited 2 branches of the dungeon, and saw 9 of its levels.
You also visited: Ossuary.

You collected 402 gold pieces.
You spent 65 gold pieces at shops.

Inventory:

Hand Weapons
 e - a +0 hunting sling
 w - a +1 giant club
Missiles
 f - 214 stones
 j - 39 sling bullets
 x - 9 poisoned darts (quivered)
Armour
 a - a +1 robe
 u - the +0 robe "Foderugo" (worn) {rF+ rC+}
   (You found it on level 4 of the Dungeon)

   It protects you from fire.
   It protects you from cold.
 y - a +0 shield
 A - a +0 robe
 F - a +0 robe
Jewellery
 h - an uncursed ring of ice
 s - an uncursed ring of magical power
Wands
 r - a wand of flame (3)
 z - a wand of digging (8)
Scrolls
 g - 3 scrolls of remove curse
 p - 4 scrolls of teleportation
 q - 2 scrolls of enchant armour
 E - 3 scrolls of fear
 H - a scroll of immolation {unknown}
Potions
 c - 3 potions of brilliance
 d - 4 potions of magic
 i - 2 potions of cancellation
 k - 7 potions of curing
 m - 3 potions of haste
 n - a potion of berserk rage {unknown}
 o - a potion of invisibility {unknown}
 t - 2 potions of flight {unknown}
 v - a potion of might {unknown}
 B - a potion of ambrosia {unknown}
 C - a potion of lignification {unknown}
 D - a potion of agility {unknown}
 G - 2 potions of mutation {unknown}
Comestibles
 b - 16 rations


   Skills:
 + Level 4.0 Fighting
 + Level 5.2 Throwing
 + Level 5.1 Dodging
 - Level 1.2 Stealth
 + Level 11.2 Unarmed Combat


You had 8 spell levels left.
You didn't know any spells.
Your spell library contained the following spells:

 Spells                   Type           Power        Failure   Level  Hunger
 Animate Skeleton         Necr           N/A          45%         1    ##.....
 Apportation              Tloc           #.....       45%         1    ##.....
 Confusing Touch          Hex            #.....       45%         1    ##.....
 Corona                   Hex            #......      45%         1    ##.....
 Summon Small Mammal      Summ           #...         45%         1    ##.....
 Ensorcelled Hibernation  Hex/Ice        #.....       58%         2    ###....
 Confuse                  Hex            #.......     83%         3    ####...
 Dazzling Spray           Conj/Hex       #.....       83%         3    ####...
 Tukima's Dance           Hex            #.......     83%         3    ####...
 Bolt of Magma            Conj/Fire/Erth #.........   100%        5    ######.
 Iskenderun's Battlesphe  Conj/Chrm      #.......     100%        5    ######.
 Venom Bolt               Conj/Pois      #.........   100%        5    ######.
 Iron Shot                Conj/Erth      #.........   100%        6    #######
 Orb of Destruction       Conj           #.........   100%        7    #######
 Spellforged Servitor     Conj/Summ      #.........   100%        7    #######


Dungeon Overview and Level Annotations

Branches:
Dungeon (8/15)             Temple (1/1) D:7
   Lair: D:8-11

Altars:
Ashenzari
Dithmenos
Elyvilon
Fedhas
Gozag
Hepliaklqana
Kikubaaqudgha
Makhleb
Nemelex Xobeh
Okawaru
Qazlal
Ru
Sif Muna
Trog
Uskayaw
Vehumet
Wu Jian
Xom
Yredelemnul
Zin
The Shining One

Shops:
D:4 (   D:5 *

Annotations:
D:8 Erica


Innate Abilities, Weirdness & Mutations

You are too large for most types of armour.
You have claws for hands.
Your metabolism is lightning-fast.
You like to eat raw meat.
Your natural rate of healing is unusually fast.
You are covered in fur. (AC +1)
You have extremely tough skin. (AC +3)


Message History

An orb of energy appears from out of thin air!
The orb of energy hits you!!!
* * * LOW HITPOINT WARNING * * *
The orc throws a boomerang.
The boomerang hits you but does no damage.
The weapon returns to the orc!
The orc throws a boomerang.
The weapon returns to the orc!
You feel sick. Something hits you.
* * * LOW HITPOINT WARNING * * *
Something burns you.
* * * LOW HITPOINT WARNING * * *
You feel sick.
The orc throws a boomerang.
The boomerang hits you.
* * * LOW HITPOINT WARNING * * *
The weapon returns to the orc!
You hear some strange, mumbled words.
An orb of energy appears from out of thin air!
The orb of energy hits you!!
You die...

#.. #..#########
#..#.r...o.# #.
#..#o#####.# ##.##..#.#
.r. ##### #.. ...#.#
...# ....# #..###.#{#
...# ....# #......@.#
.(.# ....####
#.#..#.###### ...#
.......
#............."# .....#
#####.#<.......
.....####...#.#.####...
........+..............
.....## #...#...####.
#.#'## #...##†.##
..#.#####... #...#


You could see an orc and a quokka.

Vanquished Creatures
  Pikel (D:7)
  Joseph (D:7)
  Grinder (D:5)
  A hippogriff (D:7)
  A hungry ghost (D:7)
  A sky beast (D:7)
  2 phantoms (D:5)
  A slave (D:7)
  5 ogres
  2 centaurs (D:5)
  A bullfrog (D:8)
  4 water moccasin zombies (Ossuary)
  4 killer bees (D:8)
  3 wights
  2 crimson imps
  5 hounds
  2 jellies
  An orc priest (D:6)
  An orc wizard (D:6)
  An iguana (D:7)
  5 worker ants
  2 killer bee zombies
  5 big kobold zombies (Ossuary)
  A hound skeleton (D:5)
  2 mummies (Ossuary)
  5 gnolls
  5 adders
  A shadow imp (D:5)
  8 adder zombies (Ossuary)
  2 worms
  A dart slug (D:1)
  3 leopard geckos
  7 orcs
  3 ball pythons
  5 bats
  4 giant cockroaches
  3 gnoll zombies (Ossuary)
  13 goblins
  10 hobgoblins
  3 jackals (D:1)
  A quokka (D:7)
  A ball python skeleton (D:5)
  3 frilled lizards
  5 hobgoblin zombies (Ossuary)
  6 kobolds
  6 kobold zombies (Ossuary)
  A leopard gecko skeleton (D:5)
  12 rats
163 creatures vanquished.

Notes
Turn   | Place    | Note
-------+----------+-------------------------------------------
     0 | D:1      | gnuif the Troll Monk began the quest for the Orb.
     0 | D:1      | Reached XP level 1. HP: 22/22 MP: 0/0
   249 | D:1      | Reached XP level 2. HP: 11/29 MP: 1/1
   480 | D:1      | Reached XP level 3. HP: 36/36 MP: 2/2
  1631 | D:3      | Found a sparkling altar of Nemelex Xobeh.
  1654 | D:3      | Reached XP level 4. HP: 44/44 MP: 3/3
  1767 | D:3      | Reached skill level 4 in Unarmed Combat
  2034 | D:4      | Found Rextuoh's Antique Weapon Shop.
  2332 | D:4      | Got a ripped robe
  2396 | D:4      | Reached XP level 5. HP: 50/52 MP: 4/4
  2406 | D:4      | Noticed an ogre
  2441 | D:3      | Identified the +0 robe "Foderugo" {rF+ rC+} (You found it
                  | on level 4 of the Dungeon)
  2609 | D:4      | Killed an ogre
  2609 | D:4      | Reached skill level 5 in Unarmed Combat
  2717 | D:5      | Entered Level 5 of the Dungeon
  2817 | D:5      | Noticed a phantom
  2850 | D:5      | Killed a phantom
  2850 | D:5      | Reached XP level 6. HP: 39/61 MP: 5/5
  3102 | D:5      | Reached skill level 6 in Unarmed Combat
  3107 | D:5      | Noticed a moth of wrath
  3110 | D:5      | Found a bloodstained altar of Trog.
  3189 | D:5      | Reached skill level 1 in Throwing
  3382 | D:5      | Reached XP level 7. HP: 67/67 MP: 6/6
  3431 | D:5      | You fall into a shaft and drop 1 floor!
  3557 | D:5      | Found Emapry's General Store.
  3557 | D:5      | Noticed Grinder
  3567 | D:5      | Killed Grinder
  3567 | D:5      | Reached skill level 7 in Unarmed Combat
  3574 | D:5      | Bought a scroll of remove curse for 39 gold pieces
  3574 | D:5      | Bought a scroll of identify for 26 gold pieces
  3701 | D:5      | Reached XP level 8. HP: 75/75 MP: 7/7
  4282 | D:6      | Upgraded the game from 0.24-a0-416-g56ce5178b7 to
                  | 0.24-a0-417-g1cce26a4d2
  4384 | D:6      | Reached skill level 8 in Unarmed Combat
  4659 | D:7      | Noticed Joseph
  4692 | D:7      | Killed Joseph
  4692 | D:7      | Reached skill level 5 in Throwing
  4843 | D:7      | Found a sand-covered staircase.
  4852 | Ossuary  | Entered an ossuary
  4975 | Ossuary  | Reached skill level 9 in Unarmed Combat
  4982 | Ossuary  | Reached XP level 9. HP: 81/83 MP: 8/8
  5282 | D:7      | Found a staircase to the Ecumenical Temple.
  5319 | Temple   | Entered the Ecumenical Temple
  5857 | D:7      | Reached skill level 10 in Unarmed Combat
  6182 | D:7      | Noticed Pikel
  6189 | D:7      | Killed Pikel
  6189 | D:7      | Reached skill level 5 in Dodging
  6421 | D:8      | Reached skill level 11 in Unarmed Combat
  6576 | D:8      | Noticed Erica
  6602 | D:8      | Killed from afar by Erica

Levels and vault maps discovered:
D:1:      roderic_octagonal_star, layout_loops_ring
D:2:      layout_basic
D:3:      layout_loops_ring, nemelex_xobeh_ov_fountains_minmay, minivault_4,
          minmay_box_of_dots
D:4:      layout_basic, serial_shops, shop, chequers_mini_garden, hex_large
D:5:      layout_loops_corners, serial_shops, shop, first_ration, tgw_trog,
          uniq_grinder
D:6:      layout_basic
D:7:      layout_basic, minmay_temple_entry_statues_pillars, enter_bailey_3,
          nicolae_ossuary_entry_ruins, uniq_joseph, uniq_pikel
D:8:      layout_basic, gammafunk_ghost_cemetery,
          hangedman_little_slice_of_home, uniq_erica
Temple:   regret_index_temple_chain_breaker

Skill      XL: |  1  2  3  4  5  6  7  8  9 |
---------------+----------------------------+-----
Dodging        | 3 4 5 |  5.1
Unarmed Combat | 4 5 6 7 9 11 | 11.2
Fighting       | 3 4 |  4.0
Throwing       | 1 3 5 |  5.2
Stealth        | |  1.2

Action                   |  1- 3 |  4- 6 |  7- 9 || total
-------------------------+-------+-------+-------++-------
Melee: Unarmed           |   150 |   102 |   298 ||   550
       Punch             |     1 |     1 |    13 ||    15
Throw: Dart              |       |    37 |    44 ||    81
       Stone             |       |     1 |     6 ||     7
  Use: Scroll            |       |    10 |     7 ||    17
       Potion            |       |       |     2 ||     2
 Stab: Sleeping          |     2 |     1 |     1 ||     4
  Eat: Chunk             |    21 |    12 |    24 ||    57
       Ration            |       |       |     2 ||     2
Armor: Robe              |    52 |    24 |    47 ||   123
Dodge: Dodged            |    92 |    43 |   123 ||   258

Table legend:
 A = Non-vault XP
 B = Vault XP
 C = Vault XP percentage of total XP
 D = Non-vault monster count
 E = Vault monster count
 F = Vault count percentage of total count
                 A         B        C        D         E       F
            +---------+---------+-------+---------+---------+-------
      Total |    3181 |    1901 |  37.4 |     115 |      47 |  29.0
            +---------+---------+-------+---------+---------+-------
        D:1 |      65 |       0 |   0.0 |      30 |       0 |   0.0
        D:2 |      23 |       0 |   0.0 |      13 |       0 |   0.0
        D:3 |      26 |      15 |  36.6 |       9 |       2 |  18.2
        D:4 |     205 |       0 |   0.0 |       5 |       0 |   0.0
        D:5 |    1114 |     290 |  20.7 |      27 |       6 |  18.2
        D:6 |     274 |       0 |   0.0 |      11 |       0 |   0.0
        D:7 |    1015 |    1059 |  51.1 |      13 |       6 |  31.6
        D:8 |     344 |       0 |   0.0 |       5 |       0 |   0.0
     Temple |     115 |       0 |   0.0 |       2 |       0 |   0.0
    Ossuary |       0 |     537 | 100.0 |       0 |      33 | 100.0
            +---------+---------+-------+---------+---------+-------
